 Dungeon Crawl Stone Soup version 0.26-a0-291-g3d11bbfad5 (webtiles) character file.

Game seed: 11462897422943896495

120831 Misa the Warrior (level 16, -5/174 HPs)
             Began as a Gargoyle Berserker on July 14, 2020.
             Was the Champion of Trog.
             Slain by a nagaraja
             ... wielding a +0 spear
              (14 damage)
             ... on level 4 of the Snake Pit.
             The game lasted 01:50:31 (29565 turns).

Misa the Warrior (Gargoyle Berserker)              Turns: 29565, Time: 01:50:32

Health: -5/174     AC: 39    Str: 32    XL:     16   Next: 83%
Magic:  16/16      EV: 15    Int:  8    God:    Trog [******]
Gold:   1709       SH:  0    Dex:  9    Spells: 15/15 levels left

rFire    + . .     SeeInvis +   y - +7 executioner's axe (venom)
rCold    + . .     Faith    .   (shield currently unavailable)
rNeg     + . .     Spirit   .   K - +2 plate armour {MR+}
rPois    ∞         Reflect  .   R - +0 hat {SInv}
rElec    +         Harm     .   U - +1 cloak of the Fifty Ghosts {MR+}
rCorr    +                      m - +2 pair of gloves of Decompression {rF+ rC+ Str+4}
MR       +++++                  x - +0 pair of boots
Stlth    ..........             N - amulet of regeneration
HPRegen  1.79/turn              v - ring of Phasing {EV+8}
MPRegen  0.15/turn              F - ring of resist corrosion

@: berserking (expiring), flying, regenerating, constricted, very quick
A: big wings, negative energy resistance 1, electricity resistance, unbreathing,
petrification resistance, rot immunity, subdued magic 1, AC +12
a: Stop Flying, Berserk, Trog's Hand, Brothers in Arms, Renounce Religion


You were on level 4 of the Snake Pit.
You worshipped Trog.
Trog was exalted by your worship.
You visited 4 branches of the dungeon, and saw 27 of its levels.
You also visited: Bailey and Ice Cave.

You collected 2910 gold pieces.
You spent 1201 gold pieces at shops.

Inventory:

Hand Weapons
 p - a +4 trident
 y - a +7 executioner's axe of venom (weapon)
Missiles
 r - 17 javelins (quivered)
Armour
 m - the +2 pair of gloves of Decompression (worn) {rF+ rC+ Str+4}
   (You acquired it on level 6 of the Lair of Beasts)

   It affects your strength (+4).
   It protects you from fire.
   It protects you from cold.
 u - the +1 leather armour "Jotach Muhorgh" {-Cast Harm rN++ Regen+}
   (You found it on level 4 of the Dungeon)

   It greatly protects you from negative energy.
   It prevents spellcasting.
   It increases your rate of regeneration.
   It increases damage dealt and taken.
 x - a +0 pair of boots (worn)
 E - the +1 leather armour of Olekkugg {rF+ MR+}
   (You found it on level 6 of the Lair of Beasts)

   It protects you from fire.
   It affects your resistance to hostile enchantments.
 K - a +2 plate armour of magic resistance (worn)
 M - a +0 plate armour of fire resistance
 P - a +2 plate armour of positive energy
 Q - a +1 helmet of intelligence
 R - a +0 hat of see invisible (worn)
 U - the +1 cloak of the Fifty Ghosts (worn) {MR+}
   (You acquired it on level 14 of the Dungeon)

   It affects your resistance to hostile enchantments.
Jewellery
 k - an uncursed ring of stealth
 v - the ring of Phasing (left hand) {EV+8}
   (You found it on level 3 of the Lair of Beasts)

   [ring of evasion]

   It affects your evasion (+8).
 w - an uncursed ring of magical power
 A - a +6 ring of dexterity
 F - a ring of resist corrosion (right hand)
 N - an amulet of regeneration (around neck)
Wands
 b - a wand of polymorph (8)
 l - a wand of iceblast (34)
 o - a wand of paralysis (25)
 q - a wand of clouds (9)
 s - a wand of digging (5)
 H - a wand of disintegration (24)
 O - a wand of flame (37)
Scrolls
 d - 2 scrolls of silence
 e - 21 scrolls of remove curse
 f - 4 scrolls of fear
 g - 3 scrolls of noise
 h - 16 scrolls of identify
 i - 11 scrolls of teleportation
 n - 4 scrolls of fog
 t - 7 scrolls of magic mapping
 S - a scroll of enchant armour
Potions
 a - 2 potions of resistance
 c - 11 potions of curing
 j - 2 potions of berserk rage
 z - 7 potions of haste
 B - 4 potions of heal wounds
 C - 3 potions of might
 D - 2 potions of ambrosia
 G - 4 potions of brilliance
 I - 2 potions of cancellation
 J - a potion of invisibility
 T - 4 potions of stabbing {unknown}


   Skills:
 * Level 18.5 Fighting
 * Level 15.9 Axes
 - Level 16.0 Armour
 + Level 4.8 Dodging


You had 15 spell levels left.
You didn't know any spells.
Your spell library was empty.

Dungeon Overview and Level Annotations

Branches:
Dungeon (15/15)            Temple (0/1) D:7            Lair (6/6) D:8
 Shoals (0/4) Lair:3        Snake (4/4) Lair:3        Slime (0/5) Lair:5
    Orc (2/2) D:11            Elf (0/3) Orc:2        Vaults (0/5) D:14
 Depths (0/5) D:15         Bailey (visited)           IceCv (visited)

Altars:
Ashenzari
Cheibriados
Dithmenos
Gozag
Hepliaklqana
Kikubaaqudgha
Makhleb
Okawaru
Qazlal
Sif Muna
Trog
Vehumet
Xom
Zin
Beogh
Jiyva

Shops:
D:8 *   D:13 *   D:15 :   Orc:2 (?}:   Snake:4 [

Annotations:
D:7 exclusion: statue
D:12 3 runed translucent doors, exclusion: 3 doors, Evuhet's ghost, journeyman OgGl
D:15 Roxanne
Snake:4 1 runed translucent door


Innate Abilities, Weirdness & Mutations

You are resistant to torment.
Your stone body is resilient. (AC +12)
You are immune to poison.
Your large and strong wings let you fly indefinitely.
You resist negative energy. (rN+)
You are resistant to electric shocks. (rElec)
You can survive without breathing.
You are immune to petrification.
You are immune to rotting.
Your spells are a little easier to cast, but a little less powerful.


Message History

* * * LOW HITPOINT WARNING * * *
The nagaraja constricts you.
You slice the nagaraja!!
The nagaraja looks as sick as possible!
The nagaraja is heavily wounded.
You slash the sea snake!
The nagaraja points at you and mumbles some strange words.
The bolt of poison hits you but does no damage.
You resist. The nagaraja constricts you.
The guardian serpent gestures with its tail.
The naga blinks!
The sea snake bites you but does no damage.
The naga spits poison at you.
The splash of poison hits you but does no damage.
You resist.
You carve the nagaraja like a ham!!!
The nagaraja is almost dead.
You slash the sea snake!
The sea snake looks as sick as possible!
You closely miss the naga. The nagaraja hits you with a +0 spear!
You die...

#8$$8$
≈≈≈≈##
####
#N$$_S
..≈≈≈
##..N##
##$$$$
N.≈≈
#.###@#
.##+++
≈.≈
##..NSN##
.... ≈.#
#....S§N#
.###..
S.#
+.≈≈≈≈≈.'
....∩.


NN# #.≈≈≈≈≈.'. ...... SN# +.≈≈≈≈≈.'.. ....#. S.# #.......#.## # ... ≈.≈#
##.....#### ..#.. ≈.≈≈# #.###.# .# #.. You could see a nagaraja (fast, extremely
poisoned, catching breath), a sea snake (extremely poisoned), a guardian serpent
and 3 nagas.

Vanquished Creatures
  2 nagarajas
  Aizul (Snake:3)
  Louise (D:15)
  2 ettins
  A fire dragon (Lair:6)
  3 naga warriors
  A hydra (Lair:2)
  A catoblepas (Lair:3)
  3 centaur warriors
  9 anacondas
  2 dancing weapons (D:14)
  3 ogre magi
  9 two-headed ogres
  3 tengu warriors
  10 naga sharpshooters
  2 shock serpents (Snake:4)
  An orc high priest (Orc:2)
  A deep elf knight (D:15)
  3 unseen horrors
  Pikel (D:5)
  2 naga ritualists
  A swamp dragon (Lair:6)
  2 orc knights
  10 ugly things
  2 mana vipers (Snake:1)
  4 manticores
  11 salamanders
  4 deep elf magi
  3 cyclopes
  3 oklob plants (Lair:3)
  7 orc sorcerers
  7 elephants
  Joseph (Lair:1)
  A guardian serpent (Snake:4)
  2 ice statues (IceCv)
  11 naga magi
  31 black mambas
  A torpor snail (shapeshifter) (D:13)
  A torpor snail (Lair:2)
  8 cane toads
  2 kobold demonologists (D:12)
  A gargoyle (D:14)
  3 centaur skeletons (D:15)
  3 rime drakes (Lair:2)
  3 komodo dragons
  A tengu conjurer (D:13)
  A polar bear (Lair:4)
  2 hornets
  8 trolls
  5 blink frogs
  5 slime creatures (D:13)
  7 hippogriffs
  3 wraiths
  A water elemental (D:15)
  2 vampires
  A shadow (D:13)
  57 yaks
  A basilisk (Lair:6)
  4 vampire mosquitoes (D:13)
  3 steam dragons
  3 wyverns
  Grum (D:9)
  Menkaure (D:4)
  Edmund (D:4)
  5 wargs
  2 acid dragons (Lair:6)
  29 nagas
  A soldier ant (D:13)
  13 water moccasins
  4 porcupines
  27 orc warriors
  3 swamp drakes
  4 sky beasts
  15 ice beasts
  2 black bears
  A phantom (D:10)
  16 ogres
  2 eyes of draining
  16 wolves
  9 centaurs
  15 crocodiles
  10 big kobolds
  14 bullfrogs
  A water moccasin zombie (D:7)
  3 scorpions
  A howler monkey (D:8)
  4 electric eels
  19 wights
  A crimson imp (D:11)
  3 quasits
  3 bullfrog zombies
  2 jellies
  A lava snake (D:9)
  3 centaur zombies
  2 iron imps
  4 hounds
  16 orc priests
  3 iguanas
  39 orc wizards
  Jessica (D:2)
  Natasha (thrice) (D:2)
  12 worker ants
  A worker ant zombie (D:6)
  10 gnolls
  9 adders
  A howler monkey skeleton (D:10)
  3 shadow imps
  6 white imps
  2 ufetubi
  An ooze (D:3)
  2 adder skeletons
  A worm (D:2)
  2 dart slugs
  3 leopard geckos (D:6)
  94 orcs
  2 ball pythons
  12 hobgoblins
  20 jackals
  8 quokkas
  6 bats
  6 frilled lizards
  10 goblins
  A jackal zombie (D:6)
  69 kobolds
  A leopard gecko skeleton (D:5)
  2 quokka skeletons
  A quokka zombie (D:7)
  4 rats
  A bush (Lair:2)
  A fungus (Lair:1)
  7 plants
885 creatures vanquished.

Vanquished Creatures (collateral kills)
  Erolcha (Orc:2)
  3 orc sorcerers (Orc:2)
  An orc priest (Orc:2)
  5 orc wizards (Orc:2)
  3 orcs (Orc:2)
13 creatures vanquished.

Vanquished Creatures (others)
  A naga mage (Snake:3)
  A basilisk (Lair:6)
  An orc wizard (D:11)
  2 orcs (D:10)
  3 fungi
  3 plants
11 creatures vanquished.

Grand Total: 909 creatures vanquished

Notes
Turn   | Place    | Note
-------+----------+-------------------------------------------
     0 | D:1      | Misa the Gargoyle Berserker began the quest for the Orb.
     0 | D:1      | Reached XP level 1. HP: 14/14 MP: 1/1
   355 | D:1      | Reached XP level 2. HP: 19/19 MP: 2/2
   501 | D:1      | Reached XP level 3. HP: 19/24 MP: 3/3
  1111 | D:2      | Noticed Natasha
  1343 | D:2      | Found a snail-covered altar of Cheibriados.
  1478 | D:2      | Reached skill level 4 in Fighting
  1488 | D:2      | Killed Natasha
  1488 | D:2      | Reached XP level 4. HP: 14/29 MP: 4/4
  1519 | D:2      | Noticed Natasha
  1666 | D:2      | Killed Natasha
  1666 | D:2      | Reached ** piety under Trog
  1901 | D:2      | Noticed Natasha
  1912 | D:2      | Killed Natasha
  1912 | D:2      | Reached XP level 5. HP: 29/34 MP: 5/5
  2494 | D:2      | Noticed Jessica
  2516 | D:2      | Killed Jessica
  2648 | D:3      | Reached XP level 6. HP: 37/40 MP: 6/6
  2680 | D:3      | Reached skill level 5 in Fighting
  3480 | D:3      | Reached *** piety under Trog
  3551 | D:4      | Noticed Menkaure
  3567 | D:4      | Killed Menkaure
  3567 | D:4      | Reached skill level 5 in Armour
  3567 | D:4      | Reached XP level 7. HP: 41/45 MP: 7/7
  3862 | D:4      | Reached skill level 6 in Fighting
  3862 | D:4      | Reached skill level 5 in Axes
  3925 | D:4      | Reached **** piety under Trog
  4081 | D:4      | Reached XP level 8. HP: 45/52 MP: 8/8
  4159 | D:4      | Reached skill level 7 in Fighting
  4270 | D:4      | Found an iron altar of Okawaru.
  4323 | D:4      | Noticed Edmund
  4332 | D:4      | Killed Edmund
  4411 | D:4      | Found a shattered altar of Ashenzari.
  4597 | D:4      | Found a burning altar of Makhleb.
  4831 | D:4      | Got a faintly glowing leather armour
  4842 | D:4      | Identified the +1 leather armour "Jotach Muhorgh" {-Cast
                  | Harm rN++ Regen+} (You found it on level 4 of the Dungeon)
  5022 | D:5      | Entered Level 5 of the Dungeon
  5076 | D:5      | Reached XP level 9. HP: 38/58 MP: 9/9
  5137 | D:5      | Noticed Pikel
  5150 | D:5      | Killed Pikel
  5150 | D:5      | Reached skill level 8 in Fighting
  5248 | D:5      | Reached ***** piety under Trog
  5668 | D:6      | Found a glowing silver altar of Zin.
  5670 | D:6      | Found a shadowy altar of Dithmenos.
  5670 | D:6      | Found a bloodstained altar of Trog.
  6005 | D:6      | Found a hazy altar of Hepliaklqana.
  6136 | D:6      | Reached skill level 9 in Fighting
  6634 | D:7      | Found a staircase to the Ecumenical Temple.
  6752 | D:7      | Found a radiant altar of Vehumet.
  6930 | D:7      | Reached XP level 10. HP: 66/66 MP: 10/10
  7250 | D:7      | Found a stormy altar of Qazlal.
  7761 | D:8      | Reached skill level 10 in Fighting
  8081 | D:8      | Found Zicexuol's General Store.
  8090 | D:8      | Bought a scroll of identify for 30 gold pieces
  8090 | D:8      | Bought a scroll of identify for 30 gold pieces
  8090 | D:8      | Bought a potion of heal wounds for 75 gold pieces
  8090 | D:8      | Bought 2 potions of haste for 300 gold pieces
  8090 | D:8      | Bought a potion of resistance for 150 gold pieces
  8269 | D:8      | Found a staircase to the Lair.
  8317 | D:8      | Reached skill level 10 in Armour
  8890 | D:9      | Found an opulent altar of Gozag.
  9047 | D:9      | Found a shimmering blue altar of Sif Muna.
  9311 | D:9      | Reached XP level 11. HP: 64/73 MP: 11/11
  9319 | D:9      | Noticed Grum
  9330 | D:9      | Killed Grum
  9343 | D:9      | Reached skill level 11 in Fighting
  9584 | D:9      | Found an ancient bone altar of Kikubaaqudgha.
  9835 | D:9      | Found a shimmering altar of Xom.
 10246 | D:10     | Entered Level 10 of the Dungeon
 10323 | D:10     | Noticed a two-headed ogre
 10329 | D:10     | Killed a two-headed ogre
 11038 | D:11     | Reached skill level 10 in Axes
 11317 | D:11     | Noticed a deep elf mage
 11323 | D:11     | Killed a deep elf mage
 11433 | D:11     | Noticed a deep elf mage
 11439 | D:11     | Killed a deep elf mage
 11737 | D:11     | Found a staircase to the Orcish Mines.
 11853 | D:11     | Noticed a cyclops
 11868 | D:11     | Killed a cyclops
 11868 | D:11     | Reached skill level 12 in Fighting
 12162 | D:12     | Reached XP level 12. HP: 67/81 MP: 12/12
 12364 | D:12     | Received a gift from Trog
 13006 | D:12     | Noticed Evuhet's ghost (journeyman OgGl)
 13008 | D:12     | Noticed a tengu warrior
 13008 | D:12     | Noticed a fire giant
 13066 | D:12     | Found a runed translucent gate.
 13066 | D:12     | Found a runed translucent gate.
 13068 | D:12     | Found a runed translucent gate.
 13228 | Orc:1    | Entered Level 1 of the Orcish Mines
 13731 | Orc:1    | Found a flagged portal.
 13737 | Bailey   | Entered a bailey
 14265 | Orc:2    | Entered Level 2 of the Orcish Mines
 14265 | Orc:2    | Found a staircase to the Elven Halls.
 14505 | Orc:1    | Reached skill level 13 in Fighting
 14659 | Orc:1    | Noticed a two-headed ogre
 14664 | Orc:1    | Killed a two-headed ogre
 14728 | Orc:1    | Found a roughly hewn altar of Beogh.
 15330 | Orc:2    | Received a gift from Trog
 15378 | Orc:2    | Noticed an orc high priest
 15674 | Orc:2    | Gained mutation: Your spells are a little easier to cast,
                  | but a little less powerful. [a neqoxec]
 15720 | Orc:2    | Killed an orc high priest
 15812 | Orc:2    | Found a burning altar of Makhleb.
 15820 | Orc:2    | Noticed an ettin
 15863 | Orc:2    | Killed an ettin
 15863 | Orc:2    | Reached XP level 13. HP: 83/88 MP: 13/13
 16573 | Orc:2    | Found Linn's Book Shop.
 16698 | Orc:2    | Found a radiant altar of Vehumet.
 16698 | Orc:2    | Noticed Erolcha
 16708 | Orc:2    | Killed Erolcha
 16717 | Orc:2    | Found Otzudedd's Gadget Shop.
 16866 | Orc:2    | Found an ancient bone altar of Kikubaaqudgha.
 16902 | Orc:2    | Received a gift from Trog
 17033 | Orc:2    | Found a roughly hewn altar of Beogh.
 17033 | Orc:2    | Found Ciedy's Magic Scroll Shop.
 17044 | Orc:2    | Found Qixuuwn's Antique Weapon Boutique.
 17094 | Orc:2    | Bought a scroll of identify for 28 gold pieces
 17094 | Orc:2    | Bought a scroll of identify for 28 gold pieces
 17094 | Orc:2    | Bought a scroll of magic mapping for 49 gold pieces
 17094 | Orc:2    | Bought a scroll of teleportation for 42 gold pieces
 17094 | Orc:2    | Bought a scroll of teleportation for 42 gold pieces
 17094 | Orc:2    | Bought a scroll of remove curse for 42 gold pieces
 17094 | Orc:2    | Bought a scroll of teleportation for 42 gold pieces
 17094 | Orc:2    | Bought a scroll of identify for 28 gold pieces
 17094 | Orc:2    | Bought a scroll of enchant weapon for 105 gold pieces
 17094 | Orc:2    | Bought 2 scrolls of silence for 210 gold pieces
 17384 | Lair:1   | Entered Level 1 of the Lair of Beasts
 17434 | Lair:1   | Reached skill level 14 in Fighting
 17486 | Lair:1   | Noticed Joseph
 17506 | Lair:1   | Killed Joseph
 18224 | Lair:2   | Got a transparent chain mail
 18235 | Lair:2   | Identified the +6 chain mail of the Known World {rF- MR+
                  | Int+4} (You found it on level 2 of the Lair of Beasts)
 19876 | Lair:3   | Gained mutation: Your large and strong wings let you fly
                  | indefinitely. [Gargoyle growth]
 19876 | Lair:3   | Reached XP level 14. HP: 90/96 MP: 14/14
 19997 | Lair:3   | Found a staircase to the Snake Pit.
 20113 | Lair:3   | Found the ring of Phasing {EV+8}
 20265 | Lair:3   | Found a staircase to the Shoals.
 20318 | Lair:3   | Reached skill level 15 in Fighting
 20463 | Lair:3   | Received a gift from Trog
 20479 | Lair:3   | Identified a scroll of acquirement
 20479 | Lair:3   | Acquired a +0 executioner's axe of venom
 20989 | Lair:4   | Reached skill level 15 in Armour
 21924 | Lair:5   | Found a staircase to the Slime Pits.
 21924 | Lair:5   | Found a viscous altar of Jiyva.
 22435 | Lair:6   | Entered Level 6 of the Lair of Beasts
 22503 | Lair:6   | Acquired the +2 pair of gloves of Decompression {rF+ rC+
                  | Str+4}
 22788 | Lair:6   | Got a heavily runed leather armour
 22789 | Lair:6   | Identified the +1 leather armour of Olekkugg {rF+ MR+} (You
                  | found it on level 6 of the Lair of Beasts)
 23913 | D:13     | Found Xadoequm's Elemental Accessories.
 24153 | D:13     | Reached ****** piety under Trog
 24483 | D:13     | Received a gift from Trog
 24486 | D:13     | Reached skill level 16 in Fighting
 24555 | D:14     | Found a frozen archway.
 24578 | IceCv    | Entered an ice cave
 24579 | IceCv    | Found a transporter.
 24604 | IceCv    | Found a transporter.
 24611 | IceCv    | Reached XP level 15. HP: 104/104 MP: 15/15
 24856 | D:14     | Found a gate to the Vaults.
 25140 | D:14     | Acquired the +1 cloak of the Fifty Ghosts {MR+}
 25411 | D:15     | Entered Level 15 of the Dungeon
 25557 | D:15     | Found Viarch's Book Boutique.
 25566 | D:15     | Identified Roxanne's Incunabulum of Moulding
 25566 | D:15     | Noticed Roxanne
 25644 | D:15     | Received a gift from Trog
 25862 | D:15     | Reached skill level 17 in Fighting
 25897 | D:15     | Noticed Louise
 25919 | D:15     | Killed Louise
 26023 | D:15     | Found a staircase to the Depths.
 26308 | Snake:1  | Entered Level 1 of the Snake Pit
 26579 | Snake:1  | Reached skill level 15 in Axes
 26598 | Snake:1  | Reached XP level 16. HP: 74/112 MP: 16/16
 27647 | Snake:2  | Received a gift from Trog
 28547 | Snake:3  | Reached skill level 18 in Fighting
 28617 | Snake:3  | Noticed a nagaraja
 28617 | Snake:3  | Noticed Aizul
 28628 | Snake:3  | Killed a nagaraja
 28633 | Snake:3  | Killed Aizul
 29232 | Snake:4  | Entered Level 4 of the Snake Pit
 29485 | Snake:4  | Got a brightly glowing long sword
 29486 | Snake:4  | Identified the +8 long sword "Beetleslayer" {vorpal, rElec
                  | rF+} (You found it on level 4 of the Snake Pit)
 29536 | Snake:4  | Found Qyja's Antique Armour Boutique.
 29538 | Snake:4  | Found a runed translucent gate.
 29539 | Snake:4  | Found a runed translucent gate.
 29539 | Snake:4  | Found a runed translucent gate.
 29539 | Snake:4  | Found an opulent altar of Gozag.
 29539 | Snake:4  | Noticed a nagaraja
 29539 | Snake:4  | Noticed a nagaraja
 29543 | Snake:4  | Noticed a nagaraja
 29544 | Snake:4  | Noticed a nagaraja
 29544 | Snake:4  | Noticed a nagaraja
 29551 | Snake:4  | Killed a nagaraja
 29554 | Snake:4  | Received a gift from Trog
 29557 | Snake:4  | HP: 5/174 [nagaraja/+0 spear (8)]
 29563 | Snake:4  | HP: 6/174 [nagaraja/+0 spear (4)]
 29565 | Snake:4  | Slain by a nagaraja

Illustrated notes

Levels and vault maps discovered:
D:1:      erik_arrival_triangle_medium, layout_basic
D:2:      layout_rooms, cheibriados_altar_1, uniq_jessica, uniq_natasha
D:3:      layout_rooms
D:4:      minmay_goblin_kobold_castle, layout_loops_cross,
          nicolae_overflow_crystal_walls, makhleb_grotto_becter,
          chequers_serial_rivers_marsh, okawaru_gym_becter, uniq_menkaure,
          uniq_edmund
D:5:      layout_rooms, uniq_pikel
D:6:      layout_basic, lemuel_round_altar, grunt_temple_overflow_open
D:7:      layout_gridville, vehumet_statue, nicolae_qazlal_eye_of_the_storm,
          minmay_temple_entry_large_hall
D:8:      layout_loops_ring, lair_entry_dummy, serial_shops, nicolae_shop_trees,
          columned_hall_lemuel, minmay_statues_item
D:9:      layout_layer_cave, led_sif_book, kennysheep_mini, old_standard_altar,
          old_standard_altar, chequers_serial_rivers_large_a,
          hangedman_decor_points, kennysheep_generic_room_6, uniq_grum
D:10:     layout_big_octagon
D:11:     layout_rooms, orc_0_dummy, hangedman_minor_magic
D:12:     layout_long_grid, gammafunk_ghost_split, chequers_serial_rivers_marsh
D:13:     layout_irregular_city, hangedman_decor_push, nicolae_elemental_shop,
          hangedman_abyss_or_decor_stagger
D:14:     layout_loops_ring, erik_vaults_1, portal_ice_cave_entry_ice_beasts,
          abandoned_shop
D:15:     hangedman_depths_entry_civil_slaughter, layout_small_grid,
          serial_shops, shop, nrook_pool_corridor, uniq_roxanne, uniq_louise
Lair:1:   layout_regular_city, ldierk_geyser, uniq_joseph
Lair:2:   layout_cave_pods, nicolae_quartered_pool_little
Lair:3:   layout_small_grid, minmay_shoals_entry_beasts,
          minmay_snake_entry_six_corridors, minmay_lair_oklob_chamber
Lair:4:   layout_regular_city
Lair:5:   layout_loops_ring, slime_altar_1, serial_bayou_lake_a
Lair:6:   guppyfry_lair_end_dragon, layout_small_grid
Snake:1:  layout_gridlike, special_room, grunt_megastairs_4
Snake:2:  layout_layer_cave
Snake:3:  layout_gridlike, uniq_aizul
Snake:4:  grunt_snake_rune_pools, layout_misc_corridors, ebering_ghost_gozag,
          serial_shops, shop, statue_in_the_mist_lemuel, serial_bayou_lagoon_a,
          hangedman_snake_pattern
Orc:1:    layout_caves, enter_bailey_4, mines1_david
Orc:2:    kennysheep_orc_mage_school, layout_diamond_mine, bloody_makhleb

Skill      XL: |  1  2  3  4  5  6  7  8  9 10 11 12 13 14 15 16 |
---------------+-------------------------------------------------+-----
Axes           | 3 4 5 6 7 9 10 11 12 13 15 | 15.9
Armour         | 3 4 5 7 9 10 11 13 14 15 16 | 16.0
Fighting       | 4 5 6 7 9 10 12 13 14 16 17 18 | 18.5
Dodging        | 2 4 |  4.8

Action                   |  1- 3 |  4- 6 |  7- 9 | 10-12 | 13-15 | 16-18 || total
-------------------------+-------+-------+-------+-------+-------+-------++-------
Melee: Hand axe          |   113 |   188 |       |       |       |       ||   301
       War axe           |       |    19 |   296 |   489 |   383 |       ||  1187
       Broad axe         |       |       |       |   209 |       |       ||   209
       Trident           |       |       |       |    32 |       |       ||    32
       Executioner's axe |       |       |       |       |   543 |   289 ||   832
Invok: Berserk           |     1 |     5 |     1 |    14 |     4 |     1 ||    26
       Brothers in Arms  |       |       |       |       |     1 |       ||     1
       Trog's Hand       |       |       |       |       |       |     1 ||     1
 Abil: Fly               |       |       |       |       |     1 |       ||     1
Evoke: Wand              |       |       |       |     1 |     1 |       ||     2
  Use: Scroll            |       |       |       |    13 |    23 |     3 ||    39
       Potion            |       |       |       |     1 |     3 |       ||     4
 Stab: Sleeping          |       |       |     4 |     2 |       |       ||     6
       Petrified         |       |       |       |       |     7 |       ||     7
       Petrifying        |       |       |       |       |     1 |       ||     1
Armor: Animal skin       |     3 |       |       |       |       |       ||     3
       Scale mail        |    39 |    55 |       |       |       |       ||    94
       Plate armour      |       |   110 |   160 |   542 |   649 |   291 ||  1752
       Leather armour    |       |       |    32 |    16 |       |       ||    48
Dodge: Dodged            |    78 |    72 |   145 |   323 |   717 |   285 ||  1620
Block: Buckler           |       |     3 |       |       |       |       ||     3

Table legend:
 A = Non-vault XP
 B = Vault XP
 C = Vault XP percentage of total XP
 D = Non-vault monster count
 E = Vault monster count
 F = Vault count percentage of total count
                 A         B        C        D         E       F
            +---------+---------+-------+---------+---------+-------
      Total |  130776 |   41841 |  24.2 |     680 |     211 |  23.7
            +---------+---------+-------+---------+---------+-------
        D:1 |      64 |       0 |   0.0 |      24 |       0 |   0.0
        D:2 |     150 |      72 |  32.4 |      25 |       2 |   7.4
        D:3 |     277 |       0 |   0.0 |      31 |       0 |   0.0
        D:4 |     485 |    1130 |  70.0 |      29 |      57 |  66.3
        D:5 |     431 |     673 |  61.0 |      21 |       1 |   4.5
        D:6 |     906 |       0 |   0.0 |      24 |       0 |   0.0
        D:7 |    1458 |       0 |   0.0 |      21 |       0 |   0.0
        D:8 |    2081 |       0 |   0.0 |      34 |       0 |   0.0
        D:9 |    2274 |     636 |  21.9 |      19 |       5 |  20.8
       D:10 |    3716 |       0 |   0.0 |      47 |       0 |   0.0
       D:11 |    1715 |    1486 |  46.4 |      13 |      16 |  55.2
       D:12 |    4460 |       0 |   0.0 |      39 |       0 |   0.0
       D:13 |    8713 |       0 |   0.0 |      33 |       0 |   0.0
       D:14 |   10361 |    2843 |  21.5 |      25 |      10 |  28.6
       D:15 |   10257 |    6786 |  39.8 |      22 |       7 |  24.1
     Lair:1 |    3004 |     481 |  13.8 |      13 |       1 |   7.1
     Lair:2 |    7079 |       0 |   0.0 |      30 |       0 |   0.0
     Lair:3 |    7190 |    4374 |  37.8 |      24 |      18 |  42.9
     Lair:4 |    3809 |       0 |   0.0 |      14 |       0 |   0.0
     Lair:5 |    3202 |       0 |   0.0 |      20 |       0 |   0.0
     Lair:6 |    2708 |    3850 |  58.7 |      11 |      17 |  60.7
    Snake:1 |   17901 |    1335 |   6.9 |      40 |       2 |   4.8
    Snake:2 |   11433 |       0 |   0.0 |      23 |       0 |   0.0
    Snake:3 |   11677 |    1654 |  12.4 |      21 |       1 |   4.5
    Snake:4 |    5167 |    7166 |  58.1 |      13 |       8 |  38.1
      Orc:1 |    4988 |      10 |   0.2 |      30 |       5 |  14.3
      Orc:2 |    5270 |    5787 |  52.3 |      34 |      34 |  50.0
     Bailey |       0 |     841 | 100.0 |       0 |      17 | 100.0
      IceCv |       0 |    2717 | 100.0 |       0 |      10 | 100.0
            +---------+---------+-------+---------+---------+-------
